 Dungeon Crawl Stone Soup version 0.22-a0-422-g9628fc8 (webtiles) character file.

76 Borgoz the Skirmisher (level 4, -1/28 HPs)
             Began as a Gargoyle Abyssal Knight on May 19, 2018.
             Was a Follower of Lugonu.
             Killed from afar by Natasha (3 damage)
             ... with a magic dart
             ... on level 2 of the Dungeon.
             The game lasted 00:01:55 (1613 turns).

Borgoz the Skirmisher (Gargoyle Abyssal Knight)     Turns: 1613, Time: 00:01:56

Health: -1/28      AC:  6    Str: 16    XL:     4   Next: 32%
Magic:  5/5        EV: 11    Int: 12    God:    Lugonu [*.....]
Gold:   34         SH:  0    Dex: 10    Spells: 3/3 levels left

rFire    . . .     SeeInvis .   a - +1 hand axe
rCold    . . .     Gourm    .   (no shield)
rNeg     + . .     Faith    .   b - +0 leather armour
rPois    ∞         Spirit   .   (no helmet)
rElec    +         Reflect  .   (no cloak)
rCorr    .         Harm     .   (no gloves)
MR       .....                  (no boots)
Stlth    +.........             (no amulet)
HPRegen  0.09/turn              (no ring)
MPRegen  0.09/turn              (no ring)

@: slowed, very slow
A: negative energy resistance 1, electricity resistance, unbreathing,
petrification resistance, rot immunity, AC +3
a: Depart the Abyss, Renounce Religion


You were on level 2 of the Dungeon.
You worshipped Lugonu.
Lugonu was aware of your devotion.
You were not hungry.

You visited 1 branch of the dungeon, and saw 2 of its levels.
You visited the Abyss 1 time.

You collected 34 gold pieces.

Inventory:

Hand Weapons
 a - a +1 hand axe (weapon)
Armour
 b - a +0 leather armour (worn)
 g - a +1 pair of gloves
Scrolls
 d - 2 scrolls of amnesia {unknown}
 e - 2 scrolls of remove curse {unknown}
 h - a scroll of fog {unknown}
 i - a scroll of fear {unknown}
 j - a scroll of enchant armour {unknown}
 l - a scroll of identify {unknown}
Potions
 k - a potion of lignification {unknown}
Comestibles
 c - 4 rations


   Skills:
 + Level 3.6 Fighting
 * Level 2.6 Axes
 + Level 2.7 Armour
 * Level 1.7 Dodging
 + Level 2.4 Invocations


You had 3 spell levels left.
You didn't know any spells.
Your spell library was empty.

Dungeon Overview and Level Annotations

Branches:
Dungeon (2/15)

Altars:
The Shining One

Annotations:
D:2 Natasha


Innate Abilities, Weirdness & Mutations

You are resistant to torment.
Your stone body is resilient. (AC +3)
You are immune to poison.
You resist negative energy. (rN+)
You are resistant to electric shocks. (rElec)
You can survive without breathing.
You are immune to petrification.
You are immune to rotting.


Message History

An orc comes into view. It is wielding a trident.
An orc comes into view. It is wielding a mace of protection.
Natasha claws you.
You are too injured to fight recklessly!
You are too injured to fight recklessly!
The orc shouts!
You hit Natasha.
Natasha is severely wounded.
You hear a shout!
Natasha claws you.
* * * LOW HITPOINT WARNING * * *
You barely miss Natasha.
Natasha is severely wounded.
Natasha casts a spell at you. The magic dart hits you!
* * * LOW HITPOINT WARNING * * *
The orc misses you. Natasha casts a spell at you. The magic dart hits you!
You die...

... # .## .#
## #. .. ..
#.###.#
#.oo..#
#####
#.#h#.#
#....
#..@..#
#.###
###.########
#.#
#........#
#.#
########.#
#.#
#.#####.###
#..........
#######.###
#.# # #.# #


You could see Natasha and 2 orcs.

Vanquished Creatures
  Natasha (D:2)
  Robin (D:2)
  A dart slug (D:1)
  A giant cockroach (D:1)
  10 goblins
  5 hobgoblins (D:1)
  A quokka (D:2)
  A bat (D:1)
  3 frilled lizards (D:1)
  9 kobolds (D:1)
  5 rats
38 creatures vanquished.

Notes
Turn   | Place    | Note
-------+----------+-------------------------------------------
     0 | Abyss:1  | Borgoz the Gargoyle Abyssal Knight began the quest for the Orb.
     0 | Abyss:1  | Reached XP level 1. HP: 14/14 MP: 2/2
     0 | Abyss:1  | Found a corrupted altar of Lugonu.
    26 | Abyss:1  | Noticed a blizzard demon
    27 | D:1      | Escaped the Abyss
    85 | D:1      | Reached skill level 1 in Dodging
   276 | D:1      | Reached XP level 2. HP: 16/19 MP: 3/3
   402 | D:1      | Reached * piety under Lugonu
   737 | D:1      | Reached XP level 3. HP: 20/23 MP: 4/4
   896 | D:2      | Noticed Natasha
   903 | D:2      | Killed Natasha
  1183 | D:2      | Noticed Robin
  1193 | D:1      | Reached XP level 4. HP: 23/28 MP: 5/5
  1255 | D:2      | Killed Robin
  1604 | D:2      | Found a glowing golden altar of the Shining One.
  1605 | D:2      | Noticed Natasha
  1613 | D:2      | Killed from afar by Natasha

Vault maps used:
D:1:      dpeg_arrival_tiny_f, palyth_stone_intersect, due_unseen_surprise
D:2:      lemuel_crystal_altar, minmay_pentomino_t2, uniq_natasha, uniq_robin
Abyss:1:  bh_abyss_exit_spiral, evilmike_abyss_exit_11

Skill      XL: |  1 |
---------------+----+-----
Dodging        | 1 |  1.7
Axes           | 2 |  2.6
Fighting       | |  3.6
Armour         | |  2.7
Invocations    | |  2.4

Action                   |  1- 3 |  4- 6 || total
-------------------------+-------+-------++-------
Melee: Hand axe          |    94 |    44 ||   138
Invok: Depart the Abyss  |     1 |       ||     1
  Use: Potion            |     1 |       ||     1
  Eat: Chunk             |       |     2 ||     2
Armor: Leather armour    |    26 |    14 ||    40
Dodge: Dodged            |    58 |    28 ||    86

Table legend:
 A = Spawn XP
 B = Non-spawn XP
 C = Spawn XP percentage of total XP
 D = Spawn monster count
 E = Non-spawn monster count
 F = Spawn count percentage of total count
 G = Total turns spent on level
                    A         B        C        D         E        F      G
               +---------+---------+-------+---------+---------+-------+---------
         Total |       0 |     109 |   0.0 |       0 |      38 |   0.0 |  1613
               +---------+---------+-------+---------+---------+-------+---------
           D:1 |       0 |      51 |   0.0 |       0 |      32 |   0.0 |  1161
           D:2 |       0 |      58 |   0.0 |       0 |       6 |   0.0 |   425
               +---------+---------+-------+---------+---------+-------+---------
